[Event "Early-Titled-Tuesday-Blitz-February-20-2024"]
[Site "Chess.com"]
[Date "2024.02.20"]
[Round "3"]
[White "kecalk"]
[Black "BlueWizzard"]
[Result "0-1"]
[WhiteElo "2511"]
[BlackElo "2902"]
[TimeControl "180+1"]
[EndTime "8:27:52 PST"]
[Termination "BlueWizzard won by checkmate"]

1. e4 g6 2. d4 d5 3. exd5 Qxd5 4. Nc3 Qd8 5. Nf3 Bg7 6. Be3 Nh6 7. d5 Nf5 8. Bf4 O-O 9. Qd2 c6 10. O-O-O Qa5 11.
Be5 cxd5 12. Qxd5 Qxd5 13. Nxd5 Nc6 14. Bxg7 Kxg7 15. Bb5 a6 16. Nb6 Rb8 17. Bd3 Nd6 18. Rhe1 Bg4 19. Re3 Rfe8 20. Rde1 Nb4 21. Rxe7 Nxa2+ 22. Kb1 Nb4 23. Rxe8 Rxe8 24. Rxe8 Nxe8 25. Ne5 Be6 26.
Bc4 Kf6 27. Bxe6 Kxe6 28. Nf3 Nd6 29. Nd2 g5 30. Nbc4 Nxc4 31. Nxc4 Nd5 32. Kc1 Nf4 33. Ne3 b5 34. b4 Ke5 35. g3 Nh3 36. Nd1 Ke4 37. Kd2 Kf3 38. Ke1 f5 39. Kf1 f4 40.
gxf4 gxf4 41. Ke1 Kg2 42. Ke2 h5 43. Ke1 Kxh2 44. Kf1 Ng5 45. Nc3 Kh3 46. Nd5 Kg4 47. Nc7 h4 48. Nxa6 h3 49. Kg1 Ne4 50. f3+ Kxf3 51.
Nc7 Kg3 52. Nxb5 h2+ 53. Kh1 Nf2# 0-1

[Event "Early-Titled-Tuesday-Blitz-February-20-2024"]
[Site "Chess.com"]
[Date "2024.02.20"]
[Round "3"]
[White "Chessdreamer2001"]
[Black "Kobalia"]
[Result "0-1"]
[WhiteElo "2485"]
[BlackElo "2791"]
[TimeControl "180+1"]
[EndTime "8:27:53 PST"]
[Termination "Kobalia won by resignation"]

1. e4 c5 2. Nf3 e6 3. d4 cxd4 4.
Nxd4 Nc6 5. Nc3 a6 6. Be2 d6 7.
O-O Bd7 8. Be3 Nf6 9. f4 Nxd4 10. Bxd4 Bc6 11. Bd3 Be7 12. Qe1 O-O 13. Rd1 b5 14. a3 Qb8 15. Qg3 a5 16. e5 dxe5 17. fxe5 Nh5 18. Qh3 g6 19. Ne4 Rd8 20. Rxf7 Kxf7 21.
Rf1+ Kg7 22. Qxe6 Rxd4 23. Qxe7+ Kh8 24. Ng5 Rd7 25. Qe6 Qa7+ 26. Kh1 Bd5 27. Qg4 Re7 28. e6 Qe3 29. Nxh7 Rxh7 0-1

[Event "Early-Titled-Tuesday-Blitz-February-20-2024"]
[Site "Chess.com"]
[Date "2024.02.20"]
[Round "3"]
[White "SirStrateg"]
[Black "WiseKing_08"]
[Result "1-0"]
[WhiteElo "2651"]
[BlackElo "2439"]
[TimeControl "180+1"]
[EndTime "8:27:53 PST"]
[Termination "SirStrateg won on time"]

1. d4 d5 2. Bf4 c5 3. e3 cxd4 4. exd4 Nc6 5. c3 Bf5 6. Nd2 e6 7. Ngf3 Bd6 8. Bg3 Nf6 9. Qb3 Qc7 10. a4 O-O 11. Be2 Ne4 12. Nxe4 Bxe4 13. O-O Na5 14. Qa2 Rac8 15. Nd2 Bf5 16. b4 Nc6 17. Nb3 b6 18. Ba6 Rcd8 19. Rac1 h5 20. Rfe1 h4 21. Bxd6 Qxd6 22.
Re3 h3 23. g3 Nb8 24. Bb5 a6 25. Bf1 Nd7 26. Bxa6 Nf6 27. f3 Nh5 28. Qf2 Bg6 29. Bf1 f5 30. f4 Rde8 31. Bxh3 Nf6 32. Nd2 Qc6 33. Ra1 Ra8 34. a5 bxa5 35. bxa5 Ra6 36. Bf1 Ra7 37. h3 Rfa8 38. a6 Be8 39. Qe1 Bd7 40. Nf3 Bc8 41. Ng5 1-0

[Event "Early-Titled-Tuesday-Blitz-February-20-2024"]
[Site "Chess.com"]
[Date "2024.02.20"]
[Round "3"]
[White "Doublekk14"]
[Black "TERMINATOR_PC"]
[Result "1-0"]
[WhiteElo "2289"]
[BlackElo "2579"]
[TimeControl "180+1"]
[EndTime "8:27:54 PST"]
[Termination "Doublekk14 won by resignation"]

1. c4 e6 2. e4 c6 3. Nc3 g6 4. d4 Bg7 5. Nf3 Ne7 6. e5 d5 7. exd6 Qxd6 8. Be2 Nd7 9. O-O O-O 10. Ne4 Qc7 11. c5 Nf6 12. Nd6 Nf5 13. Nxf5 exf5 14. Bc4 b5 15. Bb3 a5 16. a4 Ba6 17. Re1 Ne4 18. Ng5 Nxg5 19. Bxg5 h6 20. Be7 Rfe8 21. Bd6 Qd7 22. Qd2 b4 23. d5 Bb7 24. h4 h5 25. dxc6 Qxc6 26. Qg5 Rxe1+ 27. Rxe1 Re8 28. Rxe8+ Qxe8 29. Qxg6 Qe1+ 30. Kh2 Kh8 31. Qxh5+ 1-0

[Event "Early-Titled-Tuesday-Blitz-February-20-2024"]
[Site "Chess.com"]
[Date "2024.02.20"]
[Round "3"]
[White "MasterofMasters2006"]
[Black "Chessdreamer2020"]
[Result "0-1"]
[WhiteElo "2285"]
[BlackElo "2555"]
[TimeControl "180+1"]
[EndTime "8:27:55 PST"]
[Termination "Chessdreamer2020 won by resignation"]

1. d4 d6 2. c4 e5 3. e3 Nd7 4. Nf3 Ngf6 5. Nc3 g6 6. Be2 Bg7 7. O-O O-O 8. e4 exd4 9. Nxd4 Re8 10. f3 c6 11. Bf4 Ne5 12. Qd2 Qb6 13. Be3 Qc7 14.
Rad1 Bd7 15. Nb3 Bf8 16. Bg5 Nh5 17. f4 Ng4 18. h3 Qb6+ 19. Qd4 Ne3 20. Nc5 Nxd1 21.
N3a4 dxc5 22. Qxd7 Qb4 23. Bxh5 gxh5 24. Qxd1 Qxc4 25.
Qxh5 Qxa4 26. Bf6 Qxe4 27. f5 Bg7 28. Bxg7 Qe3+ 29. Kh1 Kxg7 30. f6+ Kh8 31. Qg4 Rg8 32. Qd7 Qg5 33. Rf2 Qg6 34. Qxb7 Rae8 35. Qxc6 Re1+ 0-1

[Event "Early-Titled-Tuesday-Blitz-February-20-2024"]
[Site "Chess.com"]
[Date "2024.02.20"]
[Round "3"]
[White "Muracle"]
[Black "ajedrez-facil"]
[Result "1/2-1/2"]
[WhiteElo "2472"]
[BlackElo "2233"]
[TimeControl "180+1"]
[EndTime "8:27:55 PST"]
[Termination "Game drawn by repetition"]

1. d4 d5 2. Nf3 Nf6 3. g3 c6 4. Bg2 Bf5 5. O-O e6 6. c4 Bg6 7. Qb3 Qb6 8. c5 Qxb3 9. axb3 Nbd7 10. Nc3 Be7 11. b4 O-O 12. Bf4 a6 13. Nd2 Rfe8 14.
Nb3 Bd8 15. Bd6 e5 16. Rfe1 exd4 17. Nxd4 Ne4 18. Nxe4 Bxe4 19. f3 Bg6 20. e4 dxe4 21. fxe4 Ne5 22. Rad1 Bf6 23. b3 Rad8 24. Nf5 Bxf5 25.
exf5 Ng4 26. Rxe8+ Rxe8 27. Bf4 Rd8 28. Rxd8+ Bxd8 29. h3 Nf6 30. Kf2 Kf8 31. Ke3 Ke7 32.
g4 h6 33. Kd4 Kd7 34. Be5 Ne8 35. Bf1 Bf6 36. Bc4 Ke7 37. Ke4 Bxe5 38. Kxe5 Nc7 39. h4 f6+ 40. Kf4 Nb5 41. Bxb5 axb5 42. g5 hxg5+ 43. hxg5 Kf7 44. Kg4 Kg8 45. Kh4 Kh8 46.
Kg4 Kg8 47. Kf4 Kf7 48. Kg4 Kg8 1/2-1/2

[Event "Early-Titled-Tuesday-Blitz-February-20-2024"]
[Site "Chess.com"]
[Date "2024.02.20"]
[Round "3"]
[White "Jamal-Jamal-Jamal"]
[Black "thechesscorner64"]
[Result "1/2-1/2"]
[WhiteElo "2263"]
[BlackElo "2521"]
[TimeControl "180+1"]
[EndTime "8:27:55 PST"]
[Termination "Game drawn by repetition"]

1. d4 Nf6 2. f3 d5 3. e4 dxe4 4. fxe4 Nxe4 5. Nc3 Nxc3 6. bxc3 g6 7. Bc4 Bg7 8. Nf3 O-O 9. O-O e6 10. Ng5 h6 11. Ne4 b6 12. Qf3 c6 13. Qh3 g5 14.
Bd3 f5 15. Ng3 Nd7 16. Nh5 Nf6 17. Nxg7 Kxg7 18. Rf2 Qd6 19. a4 c5 20. Bb2 Bb7 21.
dxc5 bxc5 22. c4 Rab8 23. Rxf5 exf5 24. Qxf5 Be4 25. Qxe4 Rxb2 26. Qg6+ Kh8 27. Qxh6+ Kg8 28. Qg6+ Kh8 29. Qh6+ Kg8 30. Qg6+ Kh8 31. Qh6+ 1/2-1/2

[Event "Early-Titled-Tuesday-Blitz-February-20-2024"]
[Site "Chess.com"]
[Date "2024.02.20"]
[Round "3"]
[White "AttackSparrow"]
[Black "picturesquecheck"]
[Result "0-1"]
[WhiteElo "2616"]
[BlackElo "2433"]
[TimeControl "180+1"]
[EndTime "8:27:56 PST"]
[Termination "picturesquecheck won on time"]

1. Nf3 d5 2. c4 e6 3. g3 Nf6 4. Bg2 dxc4 5. Qa4+ Nbd7 6. Qxc4 a6 7. Qc2 Rb8 8. O-O c5 9. d4 Bd6 10. Rd1 cxd4 11.
Nxd4 Qc7 12. Nc3 O-O 13. h3 b5 14. Nc6 Rb6 15. Qd3 Bc5 16. b4 Rxc6 17. Bxc6 Bxb4 18. Bxd7 Bxc3 19. Bf4 e5 20. Rac1 exf4 21. Bxc8 Qxc8 22. Rxc3 Qxh3 23. gxf4 Qg4+ 24. Kf1 Qxf4 25. Qg3 Qa4 26. Rd2 Ne4 0-1

[Event "Early-Titled-Tuesday-Blitz-February-20-2024"]
[Site "Chess.com"]
[Date "2024.02.20"]
[Round "3"]
[White "Carlitus2004"]
[Black "AmanteDeMoi"]
[Result "0-1"]
[WhiteElo "2373"]
[BlackElo "2603"]
[TimeControl "180+1"]
[EndTime "8:27:57 PST"]
[Termination "AmanteDeMoi won by checkmate"]

1. Nf3 g6 2. g3 Bg7 3. Bg2 e5 4. O-O e4 5. Ne1 d5 6. d3 exd3 7. exd3 Ne7 8. d4 O-O 9. c3 c6 10. Bf4 Bf5 11. Nd2 Qd7 12. Ndf3 f6 13. Nd3 Bh3 14. Re1 Bxg2 15. Kxg2 Nf5 16. Nc5 Qf7 17.
Ne6 Rc8 18. Qb3 g5 19. Bd2 g4 20. Ng1 Nd6 21. Bf4 Ne4 22. Nc5 Nxc5 23. dxc5 Na6 24. Qa3 Bf8 25. b4 Re8 26. Qb2 Qg6 27. Qd2 Re4 28. Ne2 Rae8 29. Nd4 h5 30. Re3 Nb8 31. Rae1 Nd7 32. Qc2 f5 33. Nb3 h4 34. Nd2 h3+ 35. Kg1 Nf6 36. Nxe4 fxe4 37. R3e2 Qf5 38. Be3 Qf3 39.
Bd4 Qg2# 0-1

[Event "Early-Titled-Tuesday-Blitz-February-20-2024"]
[Site "Chess.com"]
[Date "2024.02.20"]
[Round "3"]
[White "Rosh1610"]
[Black "ozates"]
[Result "1-0"]
[WhiteElo "2383"]
[BlackElo "2580"]
[TimeControl "180+1"]
[EndTime "8:27:57 PST"]
[Termination "Rosh1610 won by resignation"]

1. e4 c5 2. Nc3 Nc6 3. f4 g6 4. Nf3 Bg7 5. a4 e6 6. e5 d5 7. Nb5 Nge7 8. Nd6+ Kf8 9. Ng5 f6 10. Ndf7 Qe8 11. exf6 Bxf6 12. Nxh8 Bxg5 13. fxg5 Kg7 14.
Bb5 Qxh8 15. Bxc6 bxc6 16. O-O Nf5 17. g4 Nd6 18. Qf3 Qe8 19. b3 Bd7 20. Bb2+ Kg8 21. b4 Ne4 22. d3 Nd2 23. Qf6 d4 24. bxc5 e5 25. Rf2 Rb8 26. Rxd2 Rxb2 27. Rf1 Bxg4 28. Rdf2 Bf5 29. Re1 Rb7 30. Rxe5 Qf7 31. Rfe2 Qxf6 32. gxf6 Kf7 33. Re7+ Rxe7 34. Rxe7+ Kxf6 35. Rxh7 Ke5 36. Rxa7 Kd5 37. h4 Kxc5 38. Ra5+ Kb4 39. Rxf5 1-0

[Event "Early-Titled-Tuesday-Blitz-February-20-2024"]
[Site "Chess.com"]
[Date "2024.02.20"]
[Round "3"]
[White "LevonAronian"]
[Black "leclash"]
[Result "1-0"]
[WhiteElo "3082"]
[BlackElo "2379"]
[TimeControl "180+1"]
[EndTime "8:27:59 PST"]
[Termination "LevonAronian won by resignation"]

1. e4 e5 2. Nf3 Nc6 3. Nc3 Nf6 4. Bb5 Bb4 5. O-O O-O 6. Bxc6 dxc6 7. d3 Qd6 8. Ne2 Bg4 9. Nh4 Nxe4 10. f3 Qc5+ 11. d4 exd4 12. Qd3 Bh5 13. Qxe4 d3+ 14. Be3 Rfe8 15. Bxc5 Bxc5+ 16. Qd4 Bxd4+ 17. Nxd4 Rad8 18. c3 c5 19. Nb3 c4 20. Nd2 Re2 21. Rf2 Rde8 22. g4 Bg6 23. Rxe2 Rxe2 24. Rd1 b5 25.
Ng2 f5 26. Nf4 Re5 27. g5 c5 28. Kf2 Kf7 29. a4 a6 30. Ra1 Re7 31. h4 Ke8 32. axb5 Bf7 33. bxa6 1-0

[Event "Early-Titled-Tuesday-Blitz-February-20-2024"]
[Site "Chess.com"]
[Date "2024.02.20"]
[Round "3"]
[White "BilicVladimir"]
[Black "Schattman"]
[Result "1-0"]
[WhiteElo "2648"]
[BlackElo "2433"]
[TimeControl "180+1"]
[EndTime "8:27:59 PST"]
[Termination "BilicVladimir won by resignation"]

1. e4 c5 2. Nf3 d6 3. Bb5+ Nd7 4. O-O a6 5. Bd3 Ngf6 6. c3 b5 7. c4 bxc4 8. Bxc4 e6 9. d3 Be7 10. Nc3 O-O 11. Bf4 h6 12. h3 Rb8 13. Qe2 e5 14. Be3 Nb6 15. b3 Be6 16. Nd2 Nxc4 17. Nxc4 Nh7 18. f4 exf4 19. Bxf4 d5 20. exd5 Bd7 21.
Bxb8 Qxb8 22. Ne4 Ng5 23. Nxg5 Bxg5 24. Rae1 Re8 25. Qh5 g6 26. Rxe8+ Qxe8 27. Qf3 Qe7 28. Qf2 Bh4 29. Qe3 Qd8 30. Nd6 Bg5 31. Qf3 f5 32. Nc4 Qe7 33. d6 Qe6 34. Qf2 Qd5 35. Qe2 Bf6 36.
Re1 g5 37. Ne5 Qd4+ 38. Kh1 Qxd6 39. Nxd7 Qxd7 40. Qe6+ Qxe6 41. Rxe6 Kf7 42. Rxa6 1-0

[Event "Early-Titled-Tuesday-Blitz-February-20-2024"]
[Site "Chess.com"]
[Date "2024.02.20"]
[Round "3"]
[White "OparinGrigoriy"]
[Black "SirGerhard"]
[Result "1-0"]
[WhiteElo "3008"]
[BlackElo "2757"]
[TimeControl "180+1"]
[EndTime "8:28:00 PST"]
[Termination "OparinGrigoriy won by resignation"]

1. c4 e5 2. Nc3 Bb4 3. Qb3 Bxc3 4. Qxc3 Nc6 5. e3 Nf6 6. b4 d6 7. Bb2 O-O 8. Nf3 a5 9. b5 Ne7 10. Be2 Ng6 11. d4 exd4 12. Qxd4 b6 13. h4 h5 14.
Bd3 Re8 15. Bxg6 fxg6 16. Ng5 Qe7 17. O-O Bb7 18. e4 Qe5 19. f3 Qxd4+ 20. Bxd4 Nd7 21. Rac1 Rac8 22. Rfd1 Ne5 23. Bb2 Nf7 24. Nh3 c6 25. Nf4 Kh7 26. Kf2 Rc7 27. Ba3 Rec8 28. Bxd6 Nxd6 29.
Rxd6 cxb5 30. Rxb6 bxc4 31. Nxg6 Rd8 32. Rc2 c3 33.
Nf4 Rd2+ 34. Rxd2 cxd2 35. Ke2 Rd7 36. Kd1 Bc8 37. Rb2 Kh6 38. Rxd2 Rb7 39. Rd6+ Kh7 40. Rd5 Rb2 41. Rxh5+ Kg8 42. Rxa5 1-0

[Event "Early-Titled-Tuesday-Blitz-February-20-2024"]
[Site "Chess.com"]
[Date "2024.02.20"]
[Round "3"]
[White "ckgchess"]
[Black "ajeale2"]
[Result "1-0"]
[WhiteElo "2859"]
[BlackElo "2505"]
[TimeControl "180+1"]
[EndTime "8:28:01 PST"]
[Termination "ckgchess won on time"]

1. e4 g6 2. d4 Bg7 3. Nc3 d6 4.
Be3 Nf6 5. Qd2 Nbd7 6. O-O-O c6 7. Bh6 O-O 8. h4 Bxh6 9. Qxh6 Ng4 10. Qd2 h5 11. f3 Ngf6 12. g4 b5 13. e5 b4 14.
Nce2 dxe5 15. dxe5 Nd5 16. gxh5 Nxe5 17. hxg6 fxg6 18. f4 Ng4 19. Nf3 Nf2 20. Rg1 Bf5 21.
Re1 Ne4 22. Qd4 Qa5 23. Ng3 Nxg3 24. Rxg3 Qxa2 25. Bc4 Qa1+ 26. Kd2 Qa5 27. Rxe7 b3+ 28. c3 Rf6 29. Qxf6 1-0

[Event "Early-Titled-Tuesday-Blitz-February-20-2024"]
[Site "Chess.com"]
[Date "2024.02.20"]
[Round "3"]
[White "IndianSchoolOfSuffering"]
[Black "Zavgorodniy_Sergiy"]
[Result "1-0"]
[WhiteElo "2427"]
[BlackElo "2608"]
[TimeControl "180+1"]
[EndTime "8:28:02 PST"]
[Termination "IndianSchoolOfSuffering won by resignation"]

1. Nf3 c5 2. c4 Nc6 3. g3 g6 4. Bg2 Bg7 5. O-O Nf6 6. Nc3 O-O 7. d4 cxd4 8. Nxd4 Qb6 9. Nb3 d6 10. h3 Be6 11. Nd5 Bxd5 12. cxd5 Ne5 13. Be3 Qa6 14.
Bd4 Nc4 15. Nd2 b5 16. b3 Nxd2 17. Qxd2 Rfc8 18. Rfc1 Qb7 19. Rc6 Rxc6 20. dxc6 Qc7 21. Rc1 a5 22. Qd3 Rb8 23. Bf3 e5 24. Bb2 b4 25.
Bd5 Bf8 26. Kg2 Be7 27. e4 Kg7 28. Rc2 h5 29. Bc1 Ne8 30. Be3 Qc8 31. Qc4 f6 32. c7 Nxc7 33. Qxc7 Qf8 34. Qd7 Rd8 35. Qe6 g5 36.
Rc7 Re8 37. Bc6 Rc8 38. Rxc8 1-0

[Event "Early-Titled-Tuesday-Blitz-February-20-2024"]
[Site "Chess.com"]
[Date "2024.02.20"]
[Round "3"]
[White "treadstone_71"]
[Black "zverr1"]
[Result "0-1"]
[WhiteElo "2329"]
[BlackElo "2533"]
[TimeControl "180+1"]
[EndTime "8:28:03 PST"]
[Termination "zverr1 won by resignation"]

1. e4 c5 2. Nf3 Nc6 3. d4 cxd4 4. Nxd4 g6 5. c4 Nf6 6. Nc3 Nxd4 7. Qxd4 d6 8. Be2 Bg7 9. Be3 O-O 10. Qd2 Be6 11.
O-O Qa5 12. Rac1 Rfc8 13. b3 a6 14. f3 b5 15. Nd5 Qxd2 16. Bxd2 Nxd5 17. cxd5 Bd4+ 18.
Kh1 Bd7 19. Rxc8+ Rxc8 20. Rc1 Rxc1+ 21. Bxc1 f5 22. h4 Bf2 23. h5 gxh5 24. Kh2 h4 25. Bg5 Kf7 26. Bd3 Bg3+ 27. Kg1 f4 28. a4 bxa4 29. bxa4 a5 30. e5 dxe5 31. Bc2 h5 32. Kf1 h3 33. gxh3 Bxh3+ 34. Ke2 Bg2 35. Bf5 h4 36. Be6+ Ke8 0-1

[Event "Early-Titled-Tuesday-Blitz-February-20-2024"]
[Site "Chess.com"]
[Date "2024.02.20"]
[Round "3"]
[White "BilodeauA"]
[Black "rquery98"]
[Result "1-0"]
[WhiteElo "3022"]
[BlackElo "2761"]
[TimeControl "180+1"]
[EndTime "8:28:04 PST"]
[Termination "BilodeauA won by resignation"]

1. e4 e5 2. Nf3 Nc6 3. Bc4 Bc5 4. d3 Nf6 5. h3 d6 6. a3 a5 7. Be3 Bxe3 8. fxe3 Be6 9. Nc3 O-O 10. Qe2 d5 11. exd5 Nxd5 12. Ne4 h6 13. O-O Qe7 14. Ng3 Nb6 15.
Bxe6 Qxe6 16. e4 g6 17. Qe3 Kh7 18. Rf2 f5 19. exf5 gxf5 20. Nh4 Nd5 21. Qe1 Nde7 22.
Ngxf5 Ng6 23. Qe4 Kh8 24. Nd4 Nxd4 25. Nxg6+ Kg7 26. Nxf8 Rxf8 27. Rxf8 Kxf8 28. Rf1+ Ke7 29. c3 Nc6 30. Qh7+ Kd6 31. Qg7 Kc5 32. Qxc7 Qd5 33.
b4+ axb4 34. axb4+ Kb5 35. c4+ 1-0

[Event "Early-Titled-Tuesday-Blitz-February-20-2024"]
[Site "Chess.com"]
[Date "2024.02.20"]
[Round "3"]
[White "Witty_Alien"]
[Black "Mesa_1"]
[Result "0-1"]
[WhiteElo "2334"]
[BlackElo "2574"]
[TimeControl "180+1"]
[EndTime "8:28:04 PST"]
[Termination "Mesa_1 won on time"]

1. e4 c5 2. Nf3 e6 3. d4 cxd4 4. c3 d5 5. e5 dxc3 6. Nxc3 Nc6 7. Bd3 Nge7 8. Bg5 a6 9. Rc1 h6 10. Bh4 g5 11. Bg3 Bg7 12. h4 g4 13. Nh2 Nxe5 14.
Bxe5 Bxe5 15. Nxg4 Bg7 16. Qf3 f5 17. Ne3 d4 18. Nb5 axb5 19. Bxb5+ Kf7 20. Qh5+ Kg8 21. Be8 Rh7 22. Bf7+ Kh8 23. Nc4 e5 24. Rh3 b5 25.
Rg3 bxc4 26. Rxc4 f4 27. Rf3 Ba6 28. Rc1 Qa5+ 0-1

[Event "Early-Titled-Tuesday-Blitz-February-20-2024"]
[Site "Chess.com"]
[Date "2024.02.20"]
[Round "3"]
[White "ragnaroek66"]
[Black "kibromNNN"]
[Result "1-0"]
[WhiteElo "2383"]
[BlackElo "1756"]
[TimeControl "180+1"]
[EndTime "8:28:05 PST"]
[Termination "ragnaroek66 won by checkmate"]

1. d4 d5 2. c4 e6 3. Nf3 Nf6 4.
g3 Be7 5. Bg2 O-O 6. O-O dxc4 7.
Qc2 a6 8. a4 Nc6 9. Qxc4 Bd7 10. Rd1 Na5 11. Qc3 Nc6 12. Nbd2 Nd5 13. Qc2 Ncb4 14.
Qb1 c5 15. e4 Nf6 16. e5 Nfd5 17. Ne4 h6 18. dxc5 Bc6 19. Bd2 Qc7 20. Nd6 a5 21.
Nd4 Na6 22. Rc1 Nab4 23. N4b5 Qd8 24. Rd1 Bg5 25. f4 Be7 26. Kh1 Kh8 27. Ra3 Qb8 28. Qc1 b6 29. f5 bxc5 30. Bxh6 c4 31. g4 Bh4 32. Rh3 gxh6 33. Qxh6+ Kg8 34. Rxh4 Nf6 35.
Qh8# 1-0

[Event "Early-Titled-Tuesday-Blitz-February-20-2024"]
[Site "Chess.com"]
[Date "2024.02.20"]
[Round "3"]
[White "Marcin"]
[Black "Sofia_Blokhin"]
[Result "1/2-1/2"]
[WhiteElo "2514"]
[BlackElo "2254"]
[TimeControl "180+1"]
[EndTime "8:28:05 PST"]
[Termination "Game drawn by repetition"]

1. Nf3 f5 2. b3 Nf6 3. Bb2 g6 4. c4 Bg7 5. g3 O-O 6. Bg2 d6 7.
d4 Ne4 8. O-O b6 9. Qc2 Bb7 10. d5 Nd7 11. Nd4 Bxd4 12. Bxd4 Ndf6 13. f3 Nc5 14. Nc3 e5 15. dxe6 Nxe6 16. Bf2 f4 17. Bh3 Ng5 18. Bg2 Ne6 19. e3 Nh5 20. exf4 Nhxf4 21. gxf4 Nxf4 22. Bg3 Qg5 23. Ne4 Qf5 24. Rae1 h5 25.
h4 g5 26. Bxf4 gxf4 27. Re2 Rf7 28. Ng5 Qc5+ 29. Kh1 Rg7 30. Rfe1 Rxg5 31. hxg5 Qxg5 32. Re8+ Kf7 33. Rxa8 Qh4+ 34. Kg1 Qxe1+ 35. Kh2 Qg3+ 36. Kg1 Bxa8 37. Qf5+ Kg7 38. Qxh5 Qe1+ 39. Kh2 Qg3+ 40. Kh1 Qe1+ 41. Kh2 Qg3+ 42. Kg1 Qe1+ 43. Bf1 Qg3+ 44.
Bg2 1/2-1/2

[Event "Early-Titled-Tuesday-Blitz-February-20-2024"]
[Site "Chess.com"]
[Date "2024.02.20"]
[Round "3"]
[White "malakismayil"]
[Black "Ariadna_Atreides"]
[Result "0-1"]
[WhiteElo "2524"]
[BlackElo "2178"]
[TimeControl "180+1"]
[EndTime "8:28:07 PST"]
[Termination "Ariadna_Atreides won by checkmate"]

1. e4 c6 2. d4 d5 3. Nc3 dxe4 4. Nxe4 Nf6 5. Nxf6+ exf6 6. c3 Bd6 7. Bd3 O-O 8. Ne2 Re8 9. Qc2 h5 10. Be3 b5 11.
O-O-O Be6 12. Kb1 a5 13. h3 a4 14. Qd2 Na6 15. g4 h4 16. g5 f5 17. g6 fxg6 18.
Rdg1 Bf7 19. Bg5 Be7 20. Bxe7 Qxe7 21. Nf4 Qf6 22. Rh2 b4 23. Rhg2 bxc3 24. Qxc3 c5 25. Nxg6 cxd4 26. Qc2 Qe6 27. Nf4 Qxa2+ 28. Kc1 Rac8 29.
Rxg7+ Kf8 30. Bxa6 Rxc2+ 31. Kxc2 Bb3+ 32. Kc1 Qa1+ 33. Kd2 Qxb2+ 34. Kd3 Qc3# 0-1

[Event "Early-Titled-Tuesday-Blitz-February-20-2024"]
[Site "Chess.com"]
[Date "2024.02.20"]
[Round "3"]
[White "carokannlover213"]
[Black "a-z30"]
[Result "1-0"]
[WhiteElo "2849"]
[BlackElo "2502"]
[TimeControl "180+1"]
[EndTime "8:28:08 PST"]
[Termination "carokannlover213 won on time"]

1. e4 d6 2. d4 Nf6 3. Nc3 g6 4. Be3 Bg7 5. Qd2 O-O 6. Bh6 c5 7. dxc5 dxc5 8. Qxd8 Rxd8 9. Bxg7 Kxg7 10. f3 Nc6 11. a3 e5 12. Bc4 Nd4 13. O-O-O Be6 14. Bxe6 Nxe6 15. Nh3 Nd4 16. Rd2 b5 17. Rhd1 b4 18.
axb4 cxb4 19. Nb5 a5 20. Nxd4 exd4 21. Rxd4 Rdb8 22. e5 Ng8 23. Rd7 a4 24. Ng5 Nh6 25.
Ne6+ Kg8 26. Nc7 Ra5 27. Rd8+ Rxd8 28. Rxd8+ Kg7 29. Ne8+ Kf8 30. Nf6+ Kg7 31. f4 a3 32. Kb1 a2+ 33. Ka1 Rc5 34. g4 Rxc2 35. Kxa2 1-0

[Event "Early-Titled-Tuesday-Blitz-February-20-2024"]
[Site "Chess.com"]
[Date "2024.02.20"]
[Round "3"]
[White "Timerkhanov"]
[Black "Lucky_Puncher"]
[Result "0-1"]
[WhiteElo "2638"]
[BlackElo "2492"]
[TimeControl "180+1"]
[EndTime "8:28:09 PST"]
[Termination "Lucky_Puncher won on time"]

1. d4 Nf6 2. Bg5 d5 3. Nd2 c5 4. dxc5 Nc6 5. a3 a5 6. c3 e5 7.
b4 d4 8. b5 dxc3 9. bxc6 cxd2+ 10. Qxd2 Qxd2+ 11. Bxd2 bxc6 12. Nf3 Bxc5 13. Nxe5 Bd4 14.
Nxf7 Kxf7 15. Rb1 Bc5 16. f3 Bxa3 17. e4 Be6 18. Rb7+ Nd7 19. Bd3 Rhb8 20. Rc7 Rb3 21. Ke2 Rb6 22. f4 Bd6 23. f5 Bxc7 24. fxe6+ Kxe6 25. Bc4+ Ke7 26. Bg5+ Nf6 27. Kd3 a4 28. Re1 Be5 29.
Be3 Rb2 30. Bc5+ Ke8 31. Be6 a3 0-1

[Event "Early-Titled-Tuesday-Blitz-February-20-2024"]
[Site "Chess.com"]
[Date "2024.02.20"]
[Round "3"]
[White "Rurep26"]
[Black "VladimirKramnik"]
[Result "0-1"]
[WhiteElo "2726"]
[BlackElo "2955"]
[TimeControl "180+1"]
[EndTime "8:28:10 PST"]
[Termination "VladimirKramnik won by resignation"]

1. d4 Nf6 2. Bf4 c5 3. e3 g6 4. Nd2 Bg7 5. c3 O-O 6. Ngf3 cxd4 7. exd4 d6 8. h3 Nc6 9. Be2 Qc7 10. Bh2 e5 11.
dxe5 dxe5 12. O-O Nh5 13. Bc4 h6 14. a4 Kh7 15. Re1 f5 16. Bd5 Nf4 17. Bxc6 bxc6 18. Nc4 Rd8 19. Qc2 Nd3 20. Re3 f4 21.
Rxd3 Bf5 22. Ne1 Rxd3 23. Nxd3 Rd8 24. Rd1 Qd7 25. Rd2 Bxd3 26. Qd1 Qf5 27. Na5 Be2 28. Rxd8 Bxd1 29. Rxd1 Qc2 30. Rf1 Qxa4 31. b4 g5 32. Kh1 e4 33. g3 e3 34. fxe3 fxe3 35.
Bg1 e2 36. Re1 Qd1 37. Bf2 Bxc3 0-1

[Event "Early-Titled-Tuesday-Blitz-February-20-2024"]
[Site "Chess.com"]
[Date "2024.02.20"]
[Round "3"]
[White "ClaudiaSof"]
[Black "mortngabriel"]
[Result "0-1"]
[WhiteElo "2328"]
[BlackElo "2530"]
[TimeControl "180+1"]
[EndTime "8:28:10 PST"]
[Termination "mortngabriel won on time"]

1. e4 c5 2. Nf3 Nc6 3. Bb5 Nf6 4. Qe2 Qc7 5. Nc3 Nd4 6. Nxd4 cxd4 7. Nd5 Nxd5 8.
exd5 Qxc2 9. O-O Qc5 10. Bc4 b5 11. Bb3 Bb7 12. Qf3 g6 13. d3 Bg7 14. Bg5 O-O 15. Rac1 Qd6 16. Bf4 Be5 17. Bxe5 Qxe5 18. Rfe1 Qd6 19. Qe4 e6 20. Qxd4 a5 21. a3 Rac8 22. h3 e5 23. Qe4 f5 24. Qf3 a4 25.
Ba2 Rxc1 26. Rxc1 Rc8 27. Rxc8+ Bxc8 28. Qe3 Bb7 29. Qf3 Kg7 30. h4 Qc5 31. Kh2 Qd4 32. Qg3 Qxb2 0-1

[Event "Early-Titled-Tuesday-Blitz-February-20-2024"]
[Site "Chess.com"]
[Date "2024.02.20"]
[Round "3"]
[White "patzersame"]
[Black "santosalberto1987"]
[Result "1-0"]
[WhiteElo "2392"]
[BlackElo "2583"]
[TimeControl "180+1"]
[EndTime "8:28:11 PST"]
[Termination "patzersame won by resignation"]

1. e4 e6 2. d4 d5 3. e5 c5 4. Qg4 cxd4 5. Nf3 Nc6 6. Bd3 Nge7 7.
O-O Ng6 8. Re1 Nb4 9. h4 Nxd3 10. cxd3 Ne7 11. Nxd4 Nc6 12. Nxc6 bxc6 13. d4 h5 14. Qg3 g6 15. Bg5 Be7 16. Bxe7 Qxe7 17. Nc3 c5 18.
dxc5 Qxc5 19. Rac1 Qe7 20. f4 Bb7 21. Nb5 Rb8 22.
Rc7 Qb4 23. Nd6+ Kd8 24. Rec1 Qb6+ 25. Kh2 Qxc7 26. Rxc7 Kxc7 27. Nxf7 Rhg8 28. Qa3 Bc6 29. Qxa7+ Rb7 30. Qa5+ Kb8 31. Nd6 Rxb2 32. Qa6 Ba8 33. Nb5 Rg7 34. Qb6+ Bb7 35. a4 d4 36. Qa7+ Kc8 37. Qc5+ Kd8 38. Qf8+ Kd7 39. Qxg7+ Kc6 40. Qc7+ 1-0

[Event "Early-Titled-Tuesday-Blitz-February-20-2024"]
[Site "Chess.com"]
[Date "2024.02.20"]
[Round "3"]
[White "Navyblue1"]
[Black "Matols"]
[Result "0-1"]
[WhiteElo "2130"]
[BlackElo "2376"]
[TimeControl "180+1"]
[EndTime "8:28:11 PST"]
[Termination "Matols won on time"]

1. d4 d5 2. c4 e6 3. Nc3 Nf6 4. cxd5 exd5 5. Bg5 Be7 6. e3 c6 7. Qc2 Nbd7 8. Bd3 Nh5 9. Bxe7 Qxe7 10. Nge2 g6 11.
O-O O-O 12. Rab1 a5 13. a3 Ng7 14. b4 axb4 15. axb4 b5 16. e4 dxe4 17. Nxe4 Bb7 18.
Nc5 Nxc5 19. Qxc5 Rfe8 20. h3 Ne6 21. Qxe7 Rxe7 22. Rfc1 Nc7 23. Ng3 Nd5 24. Be4 Nb6 25. Bxc6 Bxc6 26. Rxc6 Nc4 27. Rc5 Rb8 28. Rb3 Re1+ 29.
Kh2 Rd1 30. d5 Rd4 31. Ne2 Rd2 32. Nc3 Rxf2 33. Rxb5 Re8 0-1